 Dungeon Crawl Stone Soup version 0.31-a0-1074-g0b22e4e0f1 (webtiles) character file.

Game seed: 65389174803838224

686 Curundu the Cutter (level 7, -6/60 HPs)
             Began as a Purple Draconian Berserker on Dec 8, 2023.
             Was a Priest of Trog.
             Shot with an arrow by a centaur (12 damage)
             ... on level 5 of the Dungeon.
             The game lasted 00:20:18 (4708 turns).

Curundu the Cutter (Purple Draconian Berserker)     Turns: 4708, Time: 00:20:19

Health: -6/60      AC:  6    Str: 20    XL:     7   Next: 35%
Magic:  7/7        EV: 13    Int:  7    God:    Trog [***...]
Gold:   298        SH:  0    Dex: 12    Spells: 6/6 levels left

rFire   . . .        l - +3 short sword
rCold   . . .        (no shield)
rNeg    . . .        (body armour unavailable)
rPois   .            (helmet restricted)
rElec   .            c - scarf {shadows}
rCorr   +            (no gloves)
SInv    .            (no boots)
Will    +....        (no amulet)
Stlth   +            r - ring of resist corrosion
HPRegen 0.30/turn    (no ring)
MPRegen 0.10/turn

%: no passive effects
@: silenced (expiring)
A: breathe power, AC +6, unfitting armour, cold-blooded
a: Breathe Dispelling Energy, Renounce Religion


You were on level 5 of the Dungeon.
You worshipped Trog.
Trog was most pleased with you.
You visited 1 branch of the dungeon, and saw 5 of its levels.

You collected 298 gold pieces.

Inventory:

Hand Weapons
 a - a +0 short sword
 k - a +2 dagger of venom
 l - a +3 short sword (weapon)
Missiles
 u - 8 boomerangs (quivered)
 y - 3 poisoned darts
Armour
 c - a scarf of shadows (worn)
Magical Staves
 g - a staff of cold
Jewellery
 r - a ring of resist corrosion (left hand)
Wands
 s - a wand of charming (7)
 x - a wand of flame (13)
Scrolls
 b - a scroll of silence
 e - 5 scrolls of identify {unknown}
 f - a scroll of poison {unknown}
 i - 2 scrolls of vulnerability {unknown}
 j - a scroll of immolation {unknown}
 n - a scroll of fog {unknown}
 p - a scroll of enchant weapon {unknown}
 q - 2 scrolls of blinking {unknown}
 t - 3 scrolls of butterflies {unknown}
 v - a scroll of revelation {unknown}
Potions
 h - a potion of heal wounds {unknown}
 m - 2 potions of brilliance
 o - a potion of invisibility


   Skills:
 + Level 4.4 Fighting
 + Level 5.4 Short Blades
 + Level 3.3 Throwing
 + Level 4.7 Dodging
 + Level 1.5 Stealth


You had 6 spell levels left.
You didn't know any spells.
Your spell library contained the following spells:

 Spells                   Type           Power      Damage    Failure   Level
 Anguish                  Hex/Necr       0%         N/A       99%         4
 Cause Fear               Hex            0%         N/A       99%         4
 Enfeeble                 Hex            0%         N/A       100%        7


Dungeon Overview and Level Annotations

Branches:
Dungeon (5/15)
 Temple: D:4-7

Altars:
Okawaru
Trog
Vehumet
Wu Jian


Innate Abilities, Weirdness & Mutations

You can breathe bolts of dispelling energy.
Your rich purple scales are hard. (AC +6)
You cannot fit into any form of body armour.
You are cold-blooded and may be slowed by cold attacks.


Message History

The boomerang barely misses the centaur.
You hear a shout!
The centaur shoots an arrow.
The arrow hits you!
An ogre comes into view. It is wielding a +0 giant club.
The centaur shoots an arrow.
The arrow hits you!
Throw: 8 boomerangs
Press: ? - help, Q - select action, (/) - cycle Shift-Dir - straight line, f/p - centaur
Aim: a centaur, wielding a +0 orcbow (lightly wounded, 69% to hit)
You throw a boomerang.
The boomerang hits the centaur but does no damage.
The centaur is lightly wounded.
The centaur shoots an arrow.
The arrow hits you!
The centaur shoots an arrow.
The arrow hits you!
* * * LOW HITPOINT WARNING * * *
Throw: 8 boomerangs
Press: ? - help, Q - select action, (/) - cycle Shift-Dir - straight line, f/p - centaur
Aim: a centaur, wielding a +0 orcbow (lightly wounded, 69% to hit)
You throw a boomerang.
The boomerang hits the centaur but does no damage.
The centaur is lightly wounded.
The centaur shoots an arrow.
The arrow misses you.
The centaur shoots an arrow.
The arrow hits you!
* * * LOW HITPOINT WARNING * * *
The centaur shoots an arrow.
The arrow hits you.
* * * LOW HITPOINT WARNING * * *
There is an open door here.
As you read the scroll labelled KEIRIW PUIVEMNE, it crumbles to dust.
A profound silence engulfs you.
It was a scroll of silence.
Magic scrolls do not work when you're silenced!
The centaur shoots an arrow.
The arrow closely misses you.
The centaur shoots an arrow.
The arrow barely misses you.
The centaur shoots an arrow.
The arrow closely misses you.
The centaur shoots an arrow.
The arrow hits you.
* * * LOW HITPOINT WARNING * * *
The centaur shoots an arrow.
The arrow barely misses you.
The centaur shoots an arrow.
The arrow misses you.
The centaur shoots an arrow.
The arrow hits you.
* * * LOW HITPOINT WARNING * * *
The centaur shoots an arrow.
The arrow hits you!
You die...

##### ##...#
#..#.#
##O##c##########
#c.#......(..~~#
#.##...O....~~~#
#.##........~~~#
#.##..)@....~~~#
#.##.._♣.(..~~~#
#.##........~~~#
#.##.......(.~~#
#..######.######
#...# ###.#
#...# #...#
#...###.###
#..>....#


You could see an ogre and a centaur.

Vanquished Creatures
  A black bear (D:5)
  An ice beast (D:5)
  An ogre (D:5)
  A scorpion (D:5)
  A howler monkey (D:5)
  2 hounds
  2 iguanas (D:5)
  A sleepcap (D:5)
  A gnoll (D:3)
  6 adders
  2 dart slugs
  8 orcs
  4 bats
  9 endoplasms
  2 giant cockroaches (D:1)
  9 hobgoblins
  8 jackals
  9 kobolds
  3 quokkas
  10 ball pythons
  4 frilled lizards
  5 goblins
  15 rats
105 creatures vanquished.

Notes
Turn   | Place    | Note
-------+----------+-------------------------------------------
     0 | D:1      | Curundu the Draconian Berserker began the quest for the
                  | Orb.
     0 | D:1      | Reached XP level 1. HP: 19/19 MP: 1/1
   118 | D:1      | Reached XP level 2. HP: 9/26 MP: 2/2
   512 | D:1      | Reached ** piety under Trog
   533 | D:1      | Reached XP level 3. HP: 10/31 MP: 3/3
  1393 | D:2      | Reached XP level 4. HP: 38/40 MP: 4/4
  1587 | D:2      | Found a radiant altar of Vehumet.
  1952 | D:3      | Reached *** piety under Trog
  2430 | D:3      | Reached skill level 4 in Short Blades
  2887 | D:4      | Reached XP level 5. HP: 36/46 MP: 5/5
  3455 | D:4      | Reached skill level 1 in Throwing
  3506 | D:4      | Found a glowing drain.
  3740 | D:5      | Entered Level 5 of the Dungeon
  3784 | D:5      | Found an iron altar of Okawaru.
  3784 | D:5      | Found a bloodstained altar of Trog.
  3926 | D:5      | Noticed an ogre
  3941 | D:5      | Killed an ogre
  3942 | D:5      | Reached skill level 1 in Stealth
  3942 | D:5      | Reached XP level 6. HP: 32/52 MP: 6/6
  4237 | D:5      | Reached skill level 5 in Short Blades
  4359 | D:5      | Your scales start taking on a rich purple colour.
  4359 | D:5      | Reached XP level 7. HP: 46/59 MP: 7/7
  4409 | D:5      | Found an ornate altar of the Wu Jian Council.
  4472 | D:5      | HP: 3/60 [poisoned by a scorpion]
  4678 | D:5      | HP: 3/60 [centaur/arrow (4)]
  4694 | D:5      | HP: 2/60 [centaur/arrow (5)]
  4708 | D:5      | Shot with an arrow by a centaur

Illustrated notes

Levels and vault maps discovered:
D:1:      dreamdust_arrival_beginning_and_end, layout_basic
D:2:      layout_loops_ring, basic_altar, minmay_quadrilaterals
D:3:      layout_basic, st_stairs_11, hex_large
D:4:      layout_loops_corners, portal_sewer_entry_a
D:5:      minmay_general_purpose_star, layout_basic, nzn_wu_jian_contemplation,
          gammafunk_temple_overflow_statue, lemuel_round_altar, minivault_27,
          hex_tiny, serial_bayou_lagoon_a, minmay_joined_circles

Skill      XL: |  1  2  3  4  5  6  7 |
---------------+----------------------+-----
Dodging        | 3 4 |  4.7
Short Blades   | 4 5 |  5.4
Fighting       | 4 |  4.4
Throwing       | 2 3 |  3.3
Stealth        | 1 |  1.5

Action                     |  1- 3 |  4- 6 |  7- 9 || total
---------------------------+-------+-------+-------++-------
  Melee: Short sword       |   140 |    30 |    48 ||   218
         Tailslap          |    22 |    24 |     8 ||    54
         Dagger            |    46 |   153 |       ||   199
         Punch             |     2 |     1 |     1 ||     4
  Throw: Dart              |       |    46 |       ||    46
         Boomerang         |       |     3 |     5 ||     8
Ability: Breathe Dispellin |       |       |     1 ||     1
    Use: Potion            |       |       |     5 ||     5
         Scroll            |       |       |     1 ||     1
   Stab: Sleeping          |     1 |       |       ||     1
 Armour: Skin              |   116 |    74 |    28 ||   218
  Dodge: Dodged            |   141 |   118 |    29 ||   288

Table legend: (Time is in decaauts)
 A = Elapsed time spent in this place.
 B = Non-inter-level travel time spent in this place.
 C = Inter-level travel time spent in this place.
 D = Time resting spent in this place.
 E = Time spent auto-exploring this place.
 F = Levels seen in this place.
 G = Mean time per level.
                   A        B        C        D        E       F      G
               +--------+--------+--------+--------+--------+-----+--------+
         Total |   4647 |   4647 |      0 |    558 |   2812 |   5 |  929.4 |
       Dungeon |   4647 |   4647 |      0 |    558 |   2812 |   5 |  929.4 |
               +--------+--------+--------+--------+--------+-----+--------+

Top non-repeatable levels by time:
     D:3: 1014 daAuts
     D:5: 953 daAuts
     D:4: 916 daAuts
     D:1: 907 daAuts
     D:2: 854 daAuts
